 Dungeon Crawl Stone Soup version 0.26-a0-264-g3a471323bd (webtiles) character file.

Game seed: 6103712663104260180

156 Kampfeule88 the Ruffian (level 5, -3/53 HPs)
             Began as a Troll Berserker on July 11, 2020.
             Was a Believer of Trog.
             Slain by an ogre
             ... wielding a cursed -2 giant club
              (21 damage)
             ... on level 4 of the Dungeon.
             The game lasted 00:29:10 (1548 turns).

Kampfeule88 the Ruffian (Troll Berserker)           Turns: 1548, Time: 00:29:10

Health: -3/53      AC:  6    Str: 26    XL:     5   Next: 14%
Magic:  4/4        EV: 11    Int:  3    God:    Trog [**....]
Gold:   137        SH:  0    Dex:  9    Spells: 4/4 levels left

rFire    . . .     SeeInvis .     - Unarmed
rCold    . . .     Faith    .   (no shield)
rNeg     . . .     Spirit   .   a - +0 animal skin
rPois    .         Reflect  .   (helmet restricted)
rElec    .         Harm     .   (no cloak)
rCorr    .                      (gloves unavailable)
MR       .....                  (boots unavailable)
Stlth    +.........             (no amulet)
HPRegen  0.57/turn              (no ring)
MPRegen  0.09/turn              (no ring)

@: no status effects
A: large, unfitting armour, claws 3, fast metabolism 1, regeneration 1, shaggy
fur 1, tough skin 3
a: Berserk, Trog's Hand, Renounce Religion


You were on level 4 of the Dungeon.
You worshipped Trog.
Trog was pleased with you.
You were not hungry.

You visited 1 branch of the dungeon, and saw 4 of its levels.

You collected 137 gold pieces.

Inventory:

Missiles
 e - 11 stones
 h - 24 bolts (quivered)
Armour
 a - a +0 animal skin (worn)
Scrolls
 c - a scroll of enchant weapon
 f - 3 scrolls of teleportation
 i - a scroll of remove curse
Potions
 d - 2 potions of stabbing
Comestibles
 b - 12 rations


   Skills:
 + Level 3.0 Fighting
 + Level 0.1 Throwing
 + Level 3.4 Dodging
 + Level 0.1 Stealth
 * Level 4.3 Unarmed Combat


You had 4 spell levels left.
You didn't know any spells.
Your spell library was empty.

Dungeon Overview and Level Annotations

Branches:
Dungeon (4/15)
 Temple: D:4-7

Altars:
Ashenzari


Innate Abilities, Weirdness & Mutations

You are too large for most types of armour.
You have claws for hands.
You have a fast metabolism.
Your natural rate of healing is unusually fast.
You are covered in fur. (AC +1)
You have extremely tough skin. (AC +3)


Message History

You claw the orc!
You kill the orc!
Trog accepts your kill.
You closely miss the orc. You scratch the orc.
The orc is lightly wounded.
The orc closely misses you.
You barely miss the orc.
The orc is lightly wounded.
The orc hits you but does no damage.
You claw the orc!
You kill the orc!
Trog accepts your kill.
You claw the orc!
You kill the orc!
Trog accepts your kill.
You claw the ogre!
The ogre is heavily wounded.
The ogre hits you with a cursed -2 giant club!!
You die...

#≈≈#≈≈≈w?.≈≈≈≈≈≈#
.w≈≈≈#≈$..≈≈≈≈≈.#
#≈≈≈≈≈≈..≈≈≈≈##
###≈≈w#≈≈≈≈≈#≈...
....o≈≈≈#≈≈≈?..##
O.#.##≈≈.≈≈##.##
#......### ##
.#.###.#########
#....w.oO@.......
#...#############
.#


You could see an ogre, a dart slug and an orc.

Vanquished Creatures
  An orc priest (D:4)
  4 gnolls (D:2)
  2 adders
  2 oozes
  3 worms
  2 dart slugs
  A leopard gecko (D:3)
  4 orcs
  2 giant cockroaches
  5 goblins
  4 hobgoblins
  4 bats
  5 frilled lizards
  6 kobolds
  6 rats
51 creatures vanquished.

Notes
Turn   | Place    | Note
-------+----------+-------------------------------------------
     0 | D:1      | Kampfeule88 the Troll Berserker began the quest for the
                  | Orb.
     0 | D:1      | Reached XP level 1. HP: 22/22 MP: 0/0
    10 | D:1      | Noticed a bullfrog
    86 | D:1      | Reached XP level 2. HP: 29/29 MP: 1/1
   397 | D:2      | Found a shattered altar of Ashenzari.
   442 | D:2      | Reached XP level 3. HP: 30/36 MP: 2/2
   799 | D:2      | Reached XP level 4. HP: 43/44 MP: 3/3
  1245 | D:3      | Reached ** piety under Trog
  1506 | D:3      | Reached skill level 4 in Unarmed Combat
  1529 | D:4      | Noticed an ogre
  1541 | D:4      | Reached XP level 5. HP: 14/53 MP: 4/4
  1548 | D:4      | Slain by an ogre

Illustrated notes

Levels and vault maps discovered:
D:1:      evilmike_arrival_come_back, layout_loops_ring,
          wad_floor_pattern_untrapped
D:2:      layout_basic, old_standard_altar, ashenzari_conservatory_becter,
          first_ration, dk_noncrumbling_4, uniq_terence
D:3:      layout_loops_cross, uniq_grinder
D:4:      kennysheep_slugbush, layout_basic, yredelemnul_altar_generic,
          fedhas_altar_2

Skill      XL: |  1  2  3  4 |
---------------+-------------+-----
Dodging        | 3 |  3.4
Fighting       | 3 |  3.0
Unarmed Combat | 4 |  4.3
Throwing       | |  0.1
Stealth        | |  0.1

Action                   |  1- 3 |  4- 6 || total
-------------------------+-------+-------++-------
Melee: Unarmed           |    35 |    74 ||   109
       Punch             |     1 |       ||     1
       Halberd           |    23 |    15 ||    38
       Whip              |       |    16 ||    16
Throw: Stone             |       |     6 ||     6
  Use: Potion            |     3 |     4 ||     7
       Scroll            |       |     3 ||     3
 Stab: Invisible         |     1 |       ||     1
  Eat: Ration            |     2 |       ||     2
Armor: Animal skin       |    23 |    25 ||    48
Dodge: Dodged            |    42 |    48 ||    90

Table legend:
 A = Non-vault XP
 B = Vault XP
 C = Vault XP percentage of total XP
 D = Non-vault monster count
 E = Vault monster count
 F = Vault count percentage of total count
                 A         B        C        D         E       F
            +---------+---------+-------+---------+---------+-------
      Total |     223 |       0 |   0.0 |      51 |       0 |   0.0
            +---------+---------+-------+---------+---------+-------
        D:1 |      30 |       0 |   0.0 |      13 |       0 |   0.0
        D:2 |      85 |       0 |   0.0 |      17 |       0 |   0.0
        D:3 |      45 |       0 |   0.0 |      16 |       0 |   0.0
        D:4 |      63 |       0 |   0.0 |       5 |       0 |   0.0
            +---------+---------+-------+---------+---------+-------
